 Dungeon Crawl Stone Soup version 0.30-b1-2-g02819fbbbe (webtiles) character file.

Game seed: 18363749056275611681

2330 Arcadio the Fighter (level 9, -5/80 (83) HPs)
             Began as a Minotaur Fighter on May 13, 2023.
             Was a Follower of Wu Jian.
             Slain by a shadow (26 damage)
             ... on level 7 of the Dungeon.
             The game lasted 00:07:21 (5232 turns).

Arcadio the Fighter (Minotaur Fighter)              Turns: 5232, Time: 00:07:22

HP:   -5/80 (83)    AC: 12    Str: 25    XL:     9   Next: 19%
MP:   8/8           EV:  8    Int:  5    God:    Wu Jian [*.....]
Gold: 354           SH:  4    Dex: 10    Spells: 8/8 levels left

rFire   . . .        a - +1 war axe
rCold   . . .        c - +0 buckler
rNeg    . . .        z - +0 chain mail
rPois   .            (helmet restricted)
rElec   .            y - scarf {repulsion}
rCorr   .            (no gloves)
SInv    .            l - +0 pair of boots
Will    .....        (no amulet) Stlth
                     (no ring)
HPRegen 0.33/turn    (no ring)
MPRegen 0.11/turn

%: repel missiles
@: lightly drained
A: horns 2, retaliatory headbutt
a: Renounce Religion


You were on level 7 of the Dungeon.
You worshipped Wu Jian.
Wu Jian was aware of your devotion.
You visited 2 branches of the dungeon, and saw 8 of its levels.

You collected 354 gold pieces.

Inventory:

Hand Weapons
 a - a +1 war axe (weapon)
 e - a +3 heavy flail
 B - a +0 morningstar
Armour
 b - a +0 scale mail
 c - a +0 buckler (worn)
 l - a +0 pair of boots (worn)
 s - a +0 kite shield
 y - a scarf of repulsion (worn)
 z - a +0 chain mail (worn)
Jewellery
 u - a ring of fire
Wands
 g - a wand of paralysis (6)
 t - a wand of iceblast (7)
 A - a wand of flame (12)
Scrolls
 h - 4 scrolls of enchant weapon
 i - a scroll of immolation
 j - 2 scrolls of fear {unknown}
 p - 2 scrolls of vulnerability
 r - 2 scrolls of enchant armour {unknown}
 v - a scroll of torment {unknown}
 w - 4 scrolls of noise {unknown}
 C - a scroll of poison {unknown}
 D - a scroll of amnesia {unknown}
 F - a scroll of brand weapon {unknown}
 G - a scroll of blinking {unknown}
Potions
 d - 2 potions of might
 f - 2 potions of curing
 k - a potion of attraction
 m - a potion of cancellation
 n - a potion of magic
 o - 4 potions of heal wounds
 q - 2 potions of flight {unknown}
 x - a potion of degeneration {unknown}
 E - a potion of berserk rage {unknown}
 H - a potion of brilliance {unknown}
 I - a potion of haste {unknown}


   Skills:
 + Level 9.3 Fighting
 + Level 8.9 Axes
 + Level 9.2 Armour
 - Level 3.6 Shields


You had 8 spell levels left.
You didn't know any spells.
Your spell library contained the following spells:

 Spells                   Type           Power      Damage    Failure   Level
 Sandblast                Erth           0%         2d4       95%         1
 Passwall                 Tmut/Erth      0%         N/A       99%         2
 Scorch                   Fire           0%         2d5       99%         2
 Static Discharge         Conj/Air       0%         2-2/arc   99%         2
 Stone Arrow              Conj/Erth      0%         3d7       100%        3
 Airstrike                Air            0%         2d(0-16)  100%        4
 Flame Wave               Conj/Fire      0%         2d4       100%        4
 Summon Lightning Spire   Summ/Air       0%         N/A       100%        4
 Summon Cactus Giant      Summ           0%         N/A       100%        6


Dungeon Overview and Level Annotations

Branches:
Dungeon (7/15) Zot: 26695  Temple (1/1) D:6 Zot: 5812

Altars:
Ashenzari
Cheibriados
Dithmenos
Elyvilon
Fedhas
Hepliaklqana
Kikubaaqudgha
Makhleb
Nemelex Xobeh
Okawaru
Qazlal
Ru
Sif Muna
Uskayaw
Vehumet
Wu Jian
Xom
Yredelemnul
The Shining One

Annotations:
D:6 1 runed translucent door, zkyp's ghost, novice TeEn


Innate Abilities, Weirdness & Mutations

You have a pair of horns on your head.
You reflexively headbutt those who attack you in melee.


Message History

The shadow slips into darkness.
The shadow flickers and vanishes!
Deactivating autopickup; reactivate with Ctrl-A.
The gnoll bouda hits you but does no damage.
The wight closely misses you.
You slash the gnoll bouda!
You kill the gnoll bouda!
The Council accepts your kill. You block the wight's attack.
The bullfrog hits you.
You closely miss the bullfrog.
The wight hits you from afar with a +5 spear.
The bullfrog closely misses you.
You slice the bullfrog!!
You kill the bullfrog!
The Council accepts your kill. The wight hits you but does no damage.
You barely miss something. You block the wight's attack.
An ice beast comes into view.
The shadow strikes at you from the darkness!
Reactivating autopickup.
You block the wight's attack.
You barely miss the shadow. You headbutt the shadow.
The shadow is lightly damaged.
A bullfrog comes into view.
The shadow hits you.
The wight hits you from afar with a +5 spear!
You feel drained.
The bullfrog croaks.
You hit the shadow.
The shadow is moderately damaged.
The shadow hits you. The wight barely misses you.
You barely miss the shadow.
The shadow is moderately damaged.
The shadow slips into darkness.
The shadow flickers and vanishes!
Deactivating autopickup; reactivate with Ctrl-A.
The wight hits you from afar with a +5 spear!
You hit something. Your headbutt misses something.
The shadow strikes at you from the darkness!
You die...

#....## ####...##.#####
#.....######....###..)...#
###)...##......####.†.####...#
..)......#.######...###
##....# ###.#.###.## ##....##
.... #.#.# ### ##....## ...
###.#'## #....## .. .......##
#....# . ###.....## #...@#
##.......## #....{YF#
#.........###....#z.#
+.........'.#:...#8.#
#.........###..!.# .#
##.......## #....# ..
##.....## ##.... .. ##...##
##... #.. ##.##


You could see an ice beast, a bullfrog and a wight.

Vanquished Creatures
  A hornet (D:7)
  A steam dragon (D:6)
  A water moccasin (D:5)
  2 sky beasts (D:7)
  An ogre (D:6)
  4 phantoms
  A kobold brigand (D:6)
  A bullfrog (D:7)
  3 scorpions
  5 wights
  A killer bee (D:7)
  6 hounds
  A gnoll bouda (D:7)
  3 jellies
  An orc wizard (D:5)
  6 iguanas
  2 gnolls (D:7)
  11 adders
  2 shadow imps
  A white imp (D:5)
  3 ufetubi (D:5)
  2 worms (D:2)
  A dart slug (D:4)
  5 orcs
  12 ball pythons
  10 endoplasms
  3 giant cockroaches
  6 goblins
  7 hobgoblins
  6 jackals
  5 quokkas
  3 bats
  4 frilled lizards
  27 kobolds
  A rat (D:1)
149 creatures vanquished.

Vanquished Creatures (others)
  5 plants (D:6)
  4 toadstools (D:1)
9 creatures vanquished.

Grand Total: 158 creatures vanquished

Notes
Turn   | Place    | Note
-------+----------+-------------------------------------------
     0 | D:1      | Arcadio the Minotaur Fighter began the quest for the Orb.
     0 | D:1      | Reached XP level 1. HP: 19/19 MP: 0/0
   134 | D:1      | Reached XP level 2. HP: 27/27 MP: 1/1
   542 | D:2      | Reached XP level 3. HP: 33/33 MP: 2/2
   972 | D:2      | Reached XP level 4. HP: 41/41 MP: 3/3
  1657 | D:3      | Found a shimmering altar of Xom.
  1677 | D:3      | Identified the +5 spear of Quick Death {freeze, SInv}
  1708 | D:3      | You fall into a shaft and drop 1 floor!
  1802 | D:3      | Found a blossoming altar of Fedhas.
  2337 | D:4      | Reached skill level 5 in Fighting
  2337 | D:4      | Reached XP level 5. HP: 48/48 MP: 4/4
  2344 | D:4      | Reached skill level 5 in Armour
  2741 | D:4      | Noticed a phantom
  2751 | D:4      | Killed a phantom
  2809 | D:4      | Reached skill level 5 in Axes
  2809 | D:4      | Reached XP level 6. HP: 56/56 MP: 5/5
  2953 | D:5      | Entered Level 5 of the Dungeon
  3369 | D:5      | Reached XP level 7. HP: 47/63 MP: 6/6
  3985 | D:6      | Found a runed translucent door.
  3985 | D:6      | Noticed zkyp's ghost (novice TeEn)
  3994 | D:6      | Noticed a steam dragon
  4009 | D:6      | Reached XP level 8. HP: 66/73 MP: 7/7
  4177 | D:6      | Found a staircase to the Ecumenical Temple.
  4184 | Temple   | Entered the Ecumenical Temple
  4225 | Temple   | Became a worshipper of the Wu Jian Council
  4823 | D:6      | Reached * piety under Wu Jian
  4952 | D:7      | Noticed a hornet
  4960 | D:7      | Killed a hornet
  5103 | D:7      | Reached XP level 9. HP: 83/83 MP: 8/8
  5232 | D:7      | Slain by a shadow

Illustrated notes

Levels and vault maps discovered:
D:1:      heliophobic_arrival_battle_scene, layout_basic,
          minmay_gold_behind_fungi
D:2:      layout_loops_corners, minmay_snake_closets
D:3:      layout_basic, mainiacjoe_overflow_24_doors, marbit_many_paths
D:4:      minmay_wonky_spiral, layout_basic, item_on_display_a
D:5:      layout_loops_ring, nicolae_figureground_sparkle
D:6:      kennysheep_kobold_camp, layout_basic, temple_green,
          gammafunk_ghost_grave, minmay_misc_feat_ornament
D:7:      layout_loops_corners, zin_academy, wad_floor_pattern_1,
          nzn_random_ring
Temple:   bh_familiar_temple

Skill      XL: |  1  2  3  4  5  6  7  8 |
---------------+-------------------------+-----
Fighting       | 4 5 6 7 9 |  9.3
Armour         | 4 5 6 7 9 |  9.2
Axes           | 3 4 5 6 8 |  8.9
Shields        | |  3.6

Action                     |  1- 3 |  4- 6 |  7- 9 || total
---------------------------+-------+-------+-------++-------
  Melee: War axe           |    80 |   144 |   159 ||   383
         Headbutt          |     8 |    21 |    29 ||    58
Ability: Lunge             |       |       |     7 ||     7
         Whirlwind         |       |       |     1 ||     1
  Evoke: Wand              |       |       |     1 ||     1
    Use: Scroll            |     1 |     7 |       ||     8
 Armour: Scale mail        |    42 |    54 |       ||    96
         Chain mail        |       |    42 |    80 ||   122
  Dodge: Dodged            |    46 |    65 |    51 ||   162
         Repelled          |       |     1 |       ||     1
  Block: Buckler           |    27 |    29 |    36 ||    92
